 Dungeon Crawl Stone Soup version 0.25.0-1-g7eea58d2a3 (webtiles) character file.

Game seed: 16934341314300790191

5981 Nixze the Thaumaturge (level 10, -9/61 HPs)
             Began as a Deep Elf Summoner on June 13, 2020.
             Was a Believer of Sif Muna.
             Mangled by a seven-headed hydra (11 damage)
             ... on level 1 of the Lair of Beasts.
             The game lasted 00:45:01 (15544 turns).

Nixze the Thaumaturge (Deep Elf Summoner)          Turns: 15544, Time: 00:45:02

Health: -9/61      AC:  6    Str:  6    XL:     10   Next: 55%
Magic:  9/25       EV: 17    Int: 23    God:    Sif Muna [**....]
Gold:   758        SH:  0    Dex: 15    Spells: 11/27 levels left

rFire    . . .     SeeInvis +   g - +1 short sword (elec)
rCold    + . .     Gourm    .   (no shield)
rNeg     . . .     Faith    .   a - +0 robe
rPois    .         Spirit   .   q - +1 helmet
rElec    .         Reflect  .   b - +0 cloak
rCorr    .         Harm     .   G - +0 pair of gloves
MR       +....                  (no boots)
Stlth    +++.......             C - amulet of regeneration
HPRegen  0.60/turn              F - ring of protection from cold
MPRegen  0.19/turn              O - ring of see invisible

@: no status effects
A: no striking features
a: Channel Magic, Renounce Religion


You were on level 1 of the Lair of Beasts.
You worshipped Sif Muna.
Sif Muna was pleased with you.
You were not hungry.

You visited 3 branches of the dungeon, and saw 12 of its levels.
You also visited: Bailey.

You collected 939 gold pieces.
You spent 181 gold pieces at shops.

Inventory:

Hand Weapons
 g - a +1 short sword of electrocution (weapon)
 n - the +0 flail "Liyrchoga" {pain, rElec Int+7 Dex-2}
   (You found it on level 7 of the Dungeon)

   In the hands of one skilled in necromantic magic, it inflicts extra damage on
   living creatures.
   It affects your intelligence (+7).
   It affects your dexterity (-2).
   It insulates you from electricity.
 I - a +1 whip of electrocution
Missiles
 e - 5 curare-tipped darts
 s - 23 poisoned darts (quivered)
 w - 6 boomerangs
Armour
 a - a +0 robe (worn)
 b - a +0 cloak (worn)
 j - a +0 kite shield
 q - a +1 helmet (worn)
 G - a +0 pair of gloves (worn)
 H - the +1 robe "Nathoch" {*Slow Str+2 Slay+2}
   (You found it on level 6 of the Dungeon)

   It affects your strength (+2).
   It affects your accuracy and damage with ranged weapons and melee attacks
   (+2).
   It may slow you when you take damage.
Jewellery
 x - an uncursed ring of positive energy
 y - an uncursed ring of wizardry
 z - an uncursed amulet of magic regeneration {unknown}
 A - a +4 ring of protection
 C - an amulet of regeneration (around neck)
 F - a ring of protection from cold (left hand)
 M - an uncursed ring of fire
 O - a ring of see invisible (right hand)
Wands
 o - a wand of flame (31)
 L - a wand of acid (8)
Scrolls
 f - 2 scrolls of fog
 i - 5 scrolls of remove curse
 l - 5 scrolls of teleportation
 r - a scroll of amnesia
 u - 2 scrolls of blinking
 v - 2 scrolls of magic mapping
 D - 2 scrolls of enchant armour
 J - a scroll of random uselessness {unknown}
 P - a scroll of holy word {unknown}
 Q - a scroll of summoning {unknown}
 S - 2 scrolls of immolation
Potions
 h - 2 potions of berserk rage {unknown}
 k - a potion of resistance {unknown}
 m - 4 potions of might
 p - 2 potions of stabbing
 t - 2 potions of flight {unknown}
 B - 5 potions of heal wounds
 E - 2 potions of brilliance
 K - a potion of lignification {unknown}
 N - a potion of cancellation {unknown}
 R - a potion of ambrosia {unknown}
 U - 2 potions of curing {unknown}
Miscellaneous
 V - a phantom mirror
Comestibles
 c - 27 rations


   Skills:
 + Level 6.4 Fighting
 - Level 6.0 Short Blades
 - Level 8.0 Dodging
 - Level 4.0 Stealth
 - Level 9.0 Spellcasting
 + Level 8.7 Summonings
 - Level 4.0 Ice Magic
 + Level 2.5 Invocations


You had 11 spell levels left.
You knew the following spells:

 Your Spells              Type           Power        Failure   Level  Hunger
a - Summon Lightning Spi  Summ/Air       ####....     11%         4    ##.....
b - Call Imp              Summ           ######..     1%          2    None
c - Call Canine Familiar  Summ           ######..     1%          3    None
d - Summon Guardian Gole  Hex/Summ       ####....     3%          3    None
e - Summon Ice Beast      Ice/Summ       #####...     4%          4    ##.....

Your spell library contained the following spells:

 Spells                   Type           Power        Failure   Level  Hunger
 Freeze                   Ice            ####         1%          1    None
 Summon Small Mammal      Summ           ####         1%          1    None
 Gell's Gravitas          Tloc           ##........   19%         3    None
 Portal Projectile        Hex/Tloc       ##....       19%         3    None
 Metabolic Englaciation   Hex/Ice        ###.......   58%         5    ####...
 Controlled Blink         Tloc           N/A          100%        8    #######


Dungeon Overview and Level Annotations

Branches:
Dungeon (10/15)            Temple (1/1) D:7            Lair (1/6) D:8
    Orc (0/2) D:10         Bailey (visited)

Altars:
Ashenzari
Cheibriados
Dithmenos
Elyvilon
Fedhas
Gozag
Hepliaklqana
Kikubaaqudgha
Makhleb
Nemelex Xobeh
Okawaru
Qazlal
Ru
Sif Muna
Trog
Uskayaw
Vehumet
Wu Jian
Xom
Yredelemnul
Zin
The Shining One

Shops:
D:9 ?

Annotations:
D:6 exclusion: white imp


Message History

The seven-headed hydra bites your guardian golem!
Your guardian golem is destroyed!
The wolf bites your ice beast!
Your ice beast barely misses the wolf.
The wolf misses you.
Your ice beast misses the wolf.
Your ice beast barely misses the wolf.
The wolf bites you!
* * * LOW HITPOINT WARNING * * *
Unknown command.
Unknown command.
As you read the scroll of fear, it crumbles to dust.
You assume a fearsome visage.
The wolf looks frightened! x2
The seven-headed hydra resists with some effort.
The wolf misses your ice beast. The wolf bites your ice beast.
Your ice beast hits the wolf but does no damage.
You feel much better. The wolf closely misses your ice beast.
The seven-headed hydra bites you. The seven-headed hydra bites you!
* * * LOW HITPOINT WARNING * * *
The seven-headed hydra bites you!
* * * LOW HITPOINT WARNING * * *
The seven-headed hydra bites you!
You die...

.......§..# ....#.##..##
. #. ##YP# # #...#
####Y######
###h...h....###
###..............
#.......#D.##.#.. #
##....####.@## # .
##....# ##..## .###...
#...# ..#... ###...#.#
.....# ###.......#⌠
##...## ##............
#.....#####....##.####..
#..##...#....#P# .# #
...####....P#### ##


You could see a seven-headed hydra, 2 wolves and 2 friendly ice beasts.

Vanquished Creatures
  Pikel (D:6)
  A water moccasin (D:10)
  A necrophage (D:6)
  2 slaves (D:6)
  A bullfrog (Lair:1)
  A water moccasin zombie (D:6)
  A water moccasin skeleton (D:7)
  A scorpion (D:9)
  A howler monkey (D:9)
  2 crimson imps
  A quasit (D:9)
  4 hounds
  A jelly (D:8)
  An orc priest (D:8)
  3 orc wizards
  Terence (D:3)
  Natasha (twice) (D:3)
  4 worker ants
  A killer bee zombie (D:6)
  3 adders
  A shadow imp (D:7)
  An ooze (D:8)
  2 adder skeletons
  A worm (D:3)
  A dart slug (D:5)
  3 leopard geckos
  10 orcs
  2 giant cockroaches
  6 goblins
  A hobgoblin (D:1)
  A jackal (D:6)
  3 quokkas
  6 bats
  6 frilled lizards
  A jackal skeleton (D:5)
  4 kobolds
  4 rats
  A withered plant (D:4)
87 creatures vanquished.

Vanquished Creatures (collateral kills)
  Harold (D:7)
  A hydra (D:8)
  A two-headed ogre (D:8)
  A spiny frog (Lair:1)
  Maggie (D:7)
  A hippogriff (D:7)
  2 wyverns
  A yak (D:9)
  Eustachio (D:6)
  A water moccasin (Lair:1)
  Duvessa (D:7)
  3 ice beasts
  A porcupine (Lair:1)
  2 sky beasts
  A slave (D:6)
  2 black bears
  A necrophage (D:10)
  6 orc warriors
  6 ogres
  5 centaurs
  3 wolves (Lair:1)
  A crocodile (Lair:1)
  3 bullfrogs
  Dowan (D:7)
  A scorpion (D:8)
  8 killer bees (D:8)
  8 howler monkeys
  5 wights (D:7)
  2 centaur zombies
  A crimson imp (D:10)
  A bullfrog zombie (D:5)
  3 jellies
  2 orc priests
  4 orc wizards
  2 iguanas
  5 worker ants
  A nameless horror (D:10)
  A hound zombie (D:10)
  Robin (D:2)
  11 adders
  A gnoll (Bailey)
  5 oozes
  2 worms (D:2)
  7 leopard geckos
  18 orcs
  3 giant cockroaches
  14 goblins
  10 hobgoblins
  11 jackals
  12 kobolds
  3 quokkas
  2 bats (D:1)
  3 frilled lizards (D:1)
  4 rats
198 creatures vanquished.

Vanquished Creatures (others)
  2 two-headed ogres
  An ugly thing (D:9)
  A slave (D:7)
  Menkaure (D:7)
  An ogre (D:9)
  A fungus (Lair:1)
7 creatures vanquished.

Grand Total: 292 creatures vanquished

Notes
Turn   | Place    | Note
-------+----------+-------------------------------------------
     0 | D:1      | Nixze the Deep Elf Summoner began the quest for the Orb.
     0 | D:1      | Reached XP level 1. HP: 10/10 MP: 6/6
   107 | D:1      | Reached XP level 2. HP: 10/15 MP: 4/8
   408 | D:1      | Reached skill level 5 in Summonings
   534 | D:1      | Learned a level 2 spell: Call Imp
  1470 | D:2      | Reached XP level 3. HP: 20/20 MP: 2/9
  2017 | D:2      | Noticed Robin
  2053 | D:2      | Killed Robin
  2227 | D:2      | Learned a level 3 spell: Call Canine Familiar
  2512 | D:2      | Reached skill level 4 in Spellcasting
  2833 | D:2      | Found a burning altar of Makhleb.
  2836 | D:2      | Reached XP level 4. HP: 24/24 MP: 9/12
  3258 | D:3      | Found a faded altar of an unknown god.
  3348 | D:3      | Reached skill level 1 in Fighting
  3545 | D:3      | Noticed Terence
  3564 | D:3      | Killed Terence
  3692 | D:3      | Noticed Natasha
  3699 | D:3      | Killed Natasha
  3749 | D:3      | Noticed Natasha
  3755 | D:3      | Killed Natasha
  3755 | D:3      | Reached XP level 5. HP: 22/29 MP: 2/14
  4248 | D:4      | Reached skill level 5 in Spellcasting
  4554 | D:4      | Found an ancient bone altar of Kikubaaqudgha.
  4874 | D:4      | Noticed an ogre
  4886 | D:4      | Killed an ogre
  5028 | D:4      | Reached XP level 6. HP: 35/35 MP: 11/15
  5441 | D:4      | Learned a level 3 spell: Summon Guardian Golem
  5446 | D:4      | Learned a level 4 spell: Summon Ice Beast
  5627 | D:5      | Entered Level 5 of the Dungeon
  5818 | D:5      | Reached skill level 1 in Ice Magic
  5893 | D:5      | Reached XP level 7. HP: 41/41 MP: 16/16
  6337 | D:6      | Noticed Eustachio
  6345 | D:6      | Killed Eustachio
  6897 | D:6      | Got a slimy robe
  6908 | D:6      | Identified the +1 robe "Nathoch" {*Slow Str+2 Slay+2} (You
                  | found it on level 6 of the Dungeon)
  7035 | D:6      | Found a sparkling altar of Nemelex Xobeh.
  7409 | D:6      | Found a shimmering altar of Xom.
  7411 | D:6      | Found a shattered altar of Ashenzari.
  7411 | D:6      | Found a shadowy altar of Dithmenos.
  7691 | D:7      | Noticed Pikel
  7957 | D:7      | Reached skill level 6 in Spellcasting
  7957 | D:7      | Reached XP level 8. HP: 18/48 MP: 9/19
  7961 | D:7      | Noticed Maggie
  7996 | D:6      | Reached skill level 5 in Dodging
  8305 | D:6      | Killed Pikel
  8377 | D:6      | Found a sparkling altar of Nemelex Xobeh.
  8672 | D:6      | Found a shimmering altar of Xom.
  8673 | D:6      | Found a shattered altar of Ashenzari.
  8673 | D:6      | Found a shadowy altar of Dithmenos.
  8849 | D:7      | Noticed a hippogriff
  8849 | D:7      | Noticed Menkaure
  8964 | D:7      | Killed Menkaure
  8965 | D:7      | Got an iridescent flail
  8966 | D:7      | Identified the cursed +0 flail "Liyrchoga" {pain, rElec
                  | Int+7 Dex-2} (You found it on level 7 of the Dungeon)
  9010 | D:7      | Reached skill level 5 in Fighting
  9245 | D:7      | Killed a hippogriff
  9291 | D:7      | Reached skill level 7 in Spellcasting
  9330 | D:7      | Noticed Harold
  9361 | D:7      | Killed Harold
  9361 | D:7      | Reached skill level 1 in Short Blades
  9361 | D:7      | Reached XP level 9. HP: 16/54 MP: 3/21
  9538 | D:7      | Noticed Duvessa
  9543 | D:7      | Killed Duvessa
  9651 | D:7      | Noticed Dowan
  9659 | D:7      | Killed Dowan
  9901 | D:7      | Found a staircase to the Ecumenical Temple.
  9907 | Temple   | Entered the Ecumenical Temple
  9962 | Temple   | Became a worshipper of Sif Muna the Loreminder
 10066 | D:7      | Identified the Disquisition on the Displaced Glacier
 10106 | D:7      | Killed Maggie
 10245 | D:7      | Found a hide-covered altar of Uskayaw.
 10383 | D:8      | Found a staircase to the Lair.
 10383 | D:8      | Noticed an eight-headed hydra
 10389 | D:8      | Killed an eight-headed hydra
 10511 | D:8      | Noticed a two-headed ogre
 10520 | D:8      | Killed a two-headed ogre
 11044 | D:8      | Reached skill level 8 in Spellcasting
 11266 | D:8      | Got a distressingly furry leather armour
 11277 | D:8      | Identified the cursed +0 leather armour of Vehumet's Whim
                  | {Dex+4} (You found it on level 8 of the Dungeon)
 11398 | D:8      | Reached * piety under Sif Muna
 11407 | D:8      | Noticed a two-headed ogre
 11428 | D:8      | Killed a two-headed ogre
 11581 | D:8      | Reached XP level 10. HP: 55/60 MP: 14/24
 12293 | D:9      | Reached skill level 5 in Short Blades
 12320 | D:9      | Found a flagged portal.
 12335 | Bailey   | Entered a bailey
 12428 | Bailey   | Learned a level 4 spell: Summon Lightning Spire
 12717 | Bailey   | Found an iron altar of Okawaru.
 12950 | D:9      | Found Awoagu's Magic Scroll Shoppe.
 12956 | D:9      | Bought a scroll of blinking for 97 gold pieces
 12956 | D:9      | Bought a scroll of identify for 26 gold pieces
 12956 | D:9      | Bought a scroll of noise for 13 gold pieces
 12956 | D:9      | Bought a scroll of immolation for 45 gold pieces
 13001 | D:9      | Killed a two-headed ogre
 13201 | D:9      | Reached ** piety under Sif Muna
 13216 | D:9      | Found a shimmering altar of Xom.
 13810 | D:9      | Noticed a red ugly thing
 13825 | D:9      | Killed a red ugly thing
 14012 | D:10     | Entered Level 10 of the Dungeon
 14090 | D:10     | Found a staircase to the Orcish Mines.
 14099 | D:10     | Reached skill level 1 in Invocations
 14801 | D:10     | Reached skill level 9 in Spellcasting
 15069 | D:10     | Found a basalt altar of Yredelemnul.
 15311 | Lair:1   | Entered Level 1 of the Lair of Beasts
 15314 | Lair:1   | Noticed a spiny frog
 15325 | Lair:1   | Killed a spiny frog
 15530 | Lair:1   | Noticed a seven-headed hydra
 15544 | Lair:1   | HP: 2/61 [seven-headed hydra (16)]
 15544 | Lair:1   | Mangled by a seven-headed hydra

Illustrated notes

Levels and vault maps discovered:
D:1:      saegor_arrival_simple_a, layout_basic
D:2:      kennysheep_six_static_rooms, layout_loops_corners, bloody_makhleb,
          uniq_robin
D:3:      layout_basic, chequers_ecumenical_altar_simple_redux, uniq_natasha,
          uniq_terence
D:4:      layout_loops_ring, kiku_gazebo_garden_becter
D:5:      layout_cave_pools, first_ration, small_statue_intersection
D:6:      layout_basic, grunt_temple_overflow_open,
          nemelex_xobeh_ov_fountains_minmay, uniq_eustachio
D:7:      layout_cave_pools, old_standard_altar, minmay_temple_entry_hall,
          moated_statue, uniq_duvessa, uniq_menkaure, uniq_pikel, uniq_harold,
          uniq_maggie
D:8:      layout_cave_pods, lair_entry_dummy, hangedman_little_slice_of_home,
          eino_jars
D:9:      cheibrodos_elevator_heist, layout_loops_ring, enter_bailey_3,
          serial_shops, shop, xom_confusion_cloud
D:10:     layout_grid_maze, orc_0_dummy, basic_altar
Temple:   nicolae_temple_x_marks_the_god
Lair:1:   layout_hall_layers, kennysheep_snail_temple, grunt_megastairs_2,
          infiniplex_staircase_pool

Skill      XL: |  1  2  3  4  5  6  7  8  9 10 |
---------------+-------------------------------+-----
Summonings     | 5 7 8 |  8.7
Stealth        | 3 4 |  4.0
Spellcasting   | 4 5 6 7 8 9 |  9.0
Fighting       | 1 2 3 4 5 6 |  6.4
Dodging        | 3 4 6 8 |  8.0
Ice Magic      | 1 3 4 |  4.0
Short Blades   | 1 4 6 |  6.0
Invocations    | 2 |  2.5

Action                   |  1- 3 |  4- 6 |  7- 9 | 10-12 || total
-------------------------+-------+-------+-------+-------++-------
Melee: Club              |     5 |       |       |       ||     5
       Dagger            |     8 |       |       |       ||     8
       Short sword       |    44 |   116 |    90 |    67 ||   317
       Whip              |       |       |    13 |       ||    13
       Flail             |       |       |    53 |       ||    53
Throw: Boomerang         |       |     4 |       |       ||     4
       Dart              |       |     4 |       |       ||     4
 Cast: Summon Small Mamm |    20 |       |       |       ||    20
       Call Imp          |    42 |    22 |    59 |     3 ||   126
       Call Canine Famil |       |    11 |    13 |     1 ||    25
       Summon Guardian G |       |     2 |    16 |     7 ||    25
       Summon Ice Beast  |       |       |    44 |    74 ||   118
       Summon Lightning  |       |       |       |     5 ||     5
  Use: Scroll            |     1 |     4 |     7 |     6 ||    18
       Potion            |       |       |       |     1 ||     1
 Stab: Distracted        |       |     2 |     2 |       ||     4
       Sleeping          |       |     3 |     5 |       ||     8
  Eat: Chunk             |     7 |    10 |    18 |    18 ||    53
Armor: Robe              |    16 |    29 |    70 |    26 ||   141
Dodge: Dodged            |    43 |    78 |   199 |   126 ||   446
